Firenthil, chaotic female elven Ranger -------------------- |........|...|.....| |.``..-`.|.-.|.....| |..|.`.`.|``.|.....| |-.|..-..|.-.|..<..| |...--..`....|.....| |...|...-..%-|.....| |...|..|...--|.....| |-`.|..-----------+| |`...@.....^^^^^^^.| |...|.>------------- -------- Firenthil the Trailblazer Experience level: 7 Strength: 15 Dexterity: 12 Constitution: 16 Intelligence: 14 Wisdom: 14 Charisma: 7 Health: 51(51) Energy: 37(37) Def: 10 Gold: 1291 Moves: 5459 Dungeon seed: SIwOkKkUZE13xQvm Game ID: Firenthil_1475091377 Your Inventory: Coins $ - 1291 gold pieces Weapons a - a +1 elven dagger (weapon in hand) b - a +1 elven bow (alternate weapon; not wielded) c - 42 +2 elven arrows (in quiver) d - 30 +0 elven arrows x - 2 +0 orcish daggers G - 2 +0 daggers Armor e - an uncursed +2 elven cloak (being worn) q - an uncursed +0 pair of speed boots (being worn) r - an uncursed +0 scale mail (being worn) Y - an uncursed +0 dwarvish iron helm (being worn) Comestibles f - 5 uncursed lembas wafers h - 2 uncursed tripe rations s - 4 uncursed cherries L - an uncursed orange P - an uncursed egg R - an uncursed lizard corpse T - 3 uncursed cram rations X - an uncursed carrot Z - 6 uncursed food rations Scrolls k - an uncursed scroll of identify l - an uncursed scroll of enchant weapon m - a cursed scroll of blank paper o - 2 uncursed scrolls of earth t - an uncursed scroll of light u - an uncursed scroll of destroy armor F - a blessed scroll of teleportation H - an uncursed scroll of remove curse M - an uncursed scroll of stinking cloud O - an uncursed scroll of food detection Rings j - a cursed -1 ring of gain strength B - an uncursed ring of warning Q - an uncursed +1 ring of increase damage Wands v - a wand of digging (0:5) A - a wand of locking (0:3) U - a wand of striking (0:5) Tools w - an uncursed blindfold named noncursed Spells and supernatural/magical abilities: Name Level Category Fail Memory W - pray for help -- divine ? -- Your skills at the end: Fighting Skills Weapon Skills dagger [Skilled] bow [Basic] Spellcasting Skills Final Attributes: You were piously aligned. You were sleep resistant. You were poison resistant. You had automatic searching. You had infravision. You were stealthy. You were very fast. You survived. Vanquished creatures: an ettin zombie a quivering blob 7 wolves a leprechaun an orc-captain an iron piercer a mumak a giant spider an orc mummy a lizard a dingo 4 fire ants 2 wood nymphs a rock piercer a shrieker a gnome lord a red naga hatchling a golden naga hatchling a guardian naga hatchling 2 floating eyes 2 kittens a kobold lord a rothe 3 giant bats 2 werejackals 2 iguanas 4 coyotes 2 hobbits 2 hobgoblins 8 giant rats a brown mold a yellow mold a red mold a garter snake a gnome zombie a gecko 9 jackals a fox 3 goblins 4 sewer rats 10 grid bugs 6 lichens 8 newts 105 creatures vanquished. Voluntary challenges: You used a wielded weapon 178 times, starting on turn 2. You read items or engraved 14 times, starting on turn 628. You never genocided any monsters. You never polymorphed an object. You never changed form. You used no wishes. You never split a pudding. You wrote Elbereth's name 13 times, starting on turn 628. You never violated your personal moral code. Dungeon overview: The Dungeons of Doom: levels 1 to 10 Level 1 an altar to Mars a long staircase Level 2 a general store, a fountain Level 3 stairs to The Gnomish Mines Level 4 an armor shop Level 5 a jewelry store, a sink Level 6 a sink Level 7 Level 8 many fountains Level 9 a fountain stairs to Sokoban Level 10 The Gnomish Mines: Level 4 stairs to The Dungeons of Doom Sokoban: levels 6 to 8 Level 6 <- You were here Level 7 Level 8 stairs to The Dungeons of Doom History has recorded: On T:1 you entered the Dungeons of Doom to retrieve the Amulet of Yendor! On T:120 you reached level 2 of The Dungeons of Doom. On T:417 you reached level 3 of The Dungeons of Doom. On T:566 you advanced to experience level 2. On T:1021 you reached level 1 of The Gnomish Mines. On T:1125 you reached level 4 of The Dungeons of Doom. On T:1127 you advanced to experience level 3. On T:1213 you reached level 5 of The Dungeons of Doom. On T:1426 you reached level 6 of The Dungeons of Doom. On T:1540 you advanced to experience level 4. On T:2186 you reached level 7 of The Dungeons of Doom. On T:2422 you reached level 8 of The Dungeons of Doom. On T:2467 you advanced to experience level 5. On T:3247 you reached level 9 of The Dungeons of Doom. On T:3352 you reached level 10 of The Dungeons of Doom. On T:3456 you reached level 4 of Sokoban. On T:3723 you advanced to experience level 6. On T:3803 you reached level 3 of Sokoban. On T:4871 you advanced to experience level 7. On T:5368 you reached level 2 of Sokoban. Score breakdown: Gold: 1291 (10583 points) Experience: 7 levels (13645 points) Exploration: 10 levels ( 21.28%) (13269 points) Discoveries: 8 items ( 2.76%) ( 4982 points) Valuables value: (no points given unless you survive) Artifact value: 0 ( 0 points) Variety of kills: 43 monsters ( 11.29%) (10078 points) Turncount: 5459 turns (-1484 points) Survival: quit (score multiplied by 90%) Total score: 45965 Latest messages: With great effort you move the boulder. The boulder falls into and plugs a hole in the floor! You hit the lizard. You miss the lizard. The lizard misses. You hit the lizard. You hit the lizard! The lizard bites! You hit the lizard! You kill the lizard! You see here a lizard corpse. You have a little trouble lifting R - a lizard corpse. With great effort you move the boulder. Elf needs food, badly! Blecch! Rotten food! You don't feel so weak now. Your movements are now unencumbered. You finish eating the food ration. With great effort you move the boulder. To quit the game, use the 'save' command (typically on 'S'). Final status: Goodbye Firenthil the Ranger, quit... You quit in Sokoban on dungeon level 6 with 45965 points, and 1291 pieces of gold, after 5459 moves. You were level 7 with a maximum of 51 hit points when you quit.